 Dungeon Crawl Stone Soup version 0.28-a0-1629-gf728b707aa (webtiles) character file.

Game seed: 14974008414226028567

170 testman the Cutter (level 5, 0/24 HPs)
             Began as a Vine Stalker Enchanter on Jan 24, 2022.
             Succumbed to a scorpion's poison
             ... on level 4 of the Dungeon.
             The game lasted 00:16:44 (3855 turns).

testman the Cutter (Vine Stalker Enchanter)         Turns: 3855, Time: 00:16:45

Health: 0/24       AC:  2    Str: 11    XL:     5   Next: 50%
Magic:  2/9        EV: 12    Int: 15    God:
Gold:   128        SH:  0    Dex: 16    Spells: 3/8 levels left

rFire   . . .      SeeInvis .   a - +1 dagger
rCold   . . .      Faith    .   (no shield)
rNeg    + . .      Spirit   +   b - +0 robe
rPois   .          Reflect  .   (no helmet)
rElec   .          Harm     .   n - scarf {repulsion}
rCorr   .          Rampage  .   (no gloves)
Will    .....                   (no boots)
Stlth   +++.......              (no amulet)
HPRegen 0.88/turn               i - ring of positive energy
MPRegen 0.11/turn               (no ring)

@: lethally poisoned (0 -> -8), attractive, very slightly contaminated, repel
missiles
A: fangs 2, regeneration 1, magic shield, antimagic bite, no potion heal 2
a: no special abilities


You were on level 4 of the Dungeon.
You visited 1 branch of the dungeon, and saw 4 of its levels.

You collected 128 gold pieces.

Inventory:

Hand Weapons
 a - a +1 dagger (weapon)
Missiles
 d - 104 stones
 e - 3 boomerangs
Armour
 b - a +0 robe (worn)
 n - a scarf of repulsion (worn)
Jewellery
 i - a ring of positive energy (left hand)
 t - a ring of resist corrosion
Scrolls
 h - a scroll of teleportation
 k - a scroll of enchant armour
 o - a scroll of amnesia
 r - a scroll of fog
 u - a scroll of noise {unknown}
Potions
 c - a potion of invisibility
 f - a potion of attraction
 g - a potion of haste {unknown}
 j - 2 potions of curing {unknown}
 l - a potion of heal wounds {unknown}
 m - a potion of resistance {unknown}


   Skills:
 + Level 4.1 Short Blades
 - Level 1.5 Dodging
 + Level 3.9 Stealth
 + Level 2.4 Spellcasting
 + Level 3.2 Hexes
 - Level 1.0 Ice Magic


You had 3 spell levels left.
You knew the following spells:

 Your Spells              Type           Power      Damage    Failure   Level
a - Ensorcelled Hibernat  Hex/Ice        16%        N/A       14%         2
b - Confusing Touch       Hex            11%        N/A       17%         3

Your spell library contained the following spells:

 Spells                   Type           Power      Damage    Failure   Level
 Tukima's Dance           Hex            11%        N/A       17%         3
 Magic Dart               Conj           4%         1d3       22%         1
 Searing Ray              Conj           2%         2d4       32%         2
 Dazzling Flash           Conj/Hex       12%        N/A       32%         3
 Fulminant Prism          Conj/Hex       3%         3d6       73%         4
 Malign Gateway           Summ/Tloc      0%         N/A       100%        7
 Summon Horrible Things   Summ           0%         N/A       100%        8


Dungeon Overview and Level Annotations

Branches:
Dungeon (4/15)
 Temple: D:4-7

Altars:
Qazlal

Shops:
D:3 !


Innate Abilities, Weirdness & Mutations

You have extremely sharp teeth.
Your natural rate of healing is unusually fast.
When hurt, damage is shared between your health and your magic reserves.
Your bite disrupts and absorbs the magic of your enemies.
Potions cannot restore your health.


Message History

You are very lightly contaminated with residual magic.
Nothing appears to happen.
Aiming: Ensorcelled Hibernation (safe; 14% risk of failure)
Press: ? - help, Q - select action, (/) - cycle Shift-Dir - straight line, f/p - scorpion
Aim: a scorpion (chance to affect: 41%)
The scorpion resists with some effort.
The scorpion stings you.
You are poisoned.
The scorpion poisons you!
Aiming: Ensorcelled Hibernation (safe; 14% risk of failure)
Press: ? - help, Q - select action, (/) - cycle Shift-Dir - straight line, f/p - scorpion
Aim: a scorpion (chance to affect: 41%)
The scorpion resists with some effort.
You feel very sick. The scorpion stings you!
You are lethally poisoned!
The scorpion poisons you!
Okay, then.
Casting: Ensorcelled Hibernation (safe; 14% risk of failure)
Confirm with . or Enter, or press ? or * to list all spells.
Okay, then.
Unknown command.
Press: ? - help, v - describe, . - travel
Here: a scorpion The floor.
Casting: Ensorcelled Hibernation (safe; 14% risk of failure)
Confirm with . or Enter, or press ? or * to list all spells.
Aiming: Ensorcelled Hibernation (safe; 14% risk of failure)
Press: ? - help, Shift-Dir - straight line, f/p - scorpion
Aim: a scorpion (chance to affect: 41%)
Okay, then.
* * * LOW HITPOINT WARNING * * *
You feel very sick.
* * * LOW HITPOINT WARNING * * *
You feel very sick.
You are too injured to fight recklessly!
You are too injured to fight recklessly!
It was a potion of attraction.
You feel attractive to monsters.
You die...

,,*
#..........*
*,**
#..........*
*,,*
#.........#*
*,,*
*........**
**,*
*#.....#** *,*
#....#* *,**
*#..#* *,,*
##s.# *,,*
#.@.# **,*
#...# *,**
###...# *,,*
#.#...# *,,*
##.....# *,,*
##......# *
**,*
#.......## **
*,* #........#
,* ***
#...ยงยงยงยง.#


You could see a scorpion.

Vanquished Creatures
  A gnoll shaman (D:2)
  5 gnolls
  A worm (D:2)
  5 dart slugs
  An orc (D:3)
  5 endoplasms
  4 giant cockroaches
  6 goblins
  10 hobgoblins
  5 jackals
  9 kobolds
  5 quokkas
  7 ball pythons
  A bat (D:1)
  A frilled lizard (D:2)
  10 rats
76 creatures vanquished.

Notes
Turn   | Place    | Note
-------+----------+-------------------------------------------
     0 | D:1      | testman the Vine Stalker Enchanter began the quest for the
                  | Orb.
     0 | D:1      | Reached XP level 1. HP: 9/9 MP: 4/4
    15 | D:1      | Reached skill level 1 in Short Blades
   142 | D:1      | Reached XP level 2. HP: 6/13 MP: 4/6
   400 | D:1      | Reached skill level 2 in Short Blades
   442 | D:1      | Learned a level 2 spell: Ensorcelled Hibernation
  1056 | D:1      | Reached XP level 3. HP: 15/16 MP: 4/7
  1076 | D:1      | Reached skill level 1 in Ice Magic
  1302 | D:1      | Found a faded altar of an unknown god.
  1537 | D:1      | Reached skill level 3 in Short Blades
  1840 | D:2      | Gained mutation: Your natural rate of healing is unusually
                  | fast. [Vine Stalker growth]
  1840 | D:2      | Reached XP level 4. HP: 10/21 MP: 0/8
  2816 | D:2      | Reached skill level 4 in Short Blades
  2816 | D:2      | Reached XP level 5. HP: 18/24 MP: 2/9
  2820 | D:2      | Learned a level 3 spell: Confusing Touch
  3448 | D:3      | Found a stormy altar of Qazlal.
  3533 | D:3      | Found Yvy Fury's Distillery.
  3855 | D:4      | Succumbed to a scorpion's poison

Illustrated notes

Levels and vault maps discovered:
D:1:      dpeg_arrival_fog, layout_basic, hellmonk_ecumenical_altar_run_dry,
          minmay_octomino_c4
D:2:      layout_basic
D:3:      layout_basic, general_overflow_altar, serial_shops,
          nicolae_square_shop
D:4:      layout_cave_pods, serial_shops, kennysheep_mini, shop, shop_scrolls,
          cheibrodos_sewer_entry_drain

Skill      XL: |  1  2  3  4 |
---------------+-------------+-----
Short Blades   | 1 2 3 4 |  4.1
Ice Magic      | 1 |  1.0
Dodging        | |  1.5
Stealth        | |  3.9
Spellcasting   | |  2.4
Hexes          | |  3.2

Action                   |  1- 3 |  4- 6 || total
-------------------------+-------+-------++-------
Melee: Dagger            |   139 |    97 ||   236
       Bite              |    36 |    22 ||    58
       Punch             |     6 |       ||     6
 Cast: Ensorcelled Hiber |     2 |    10 ||    12
  Use: Scroll            |       |     6 ||     6
       Potion            |       |     2 ||     2
 Stab: Sleeping          |     4 |    12 ||    16
       Invisible         |       |     1 ||     1
Armor: Robe              |     8 |    11 ||    19
Dodge: Dodged            |    66 |    55 ||   121

Table legend: (Time is in decaauts)
 A = Elapsed time spent in this place.
 B = Non-inter-level travel time spent in this place.
 C = Inter-level travel time spent in this place.
 D = Time resting spent in this place.
 E = Time spent auto-exploring this place.
 F = Levels seen in this place.
 G = Mean time per level.
                   A        B        C        D        E       F      G
               +--------+--------+--------+--------+--------+-----+--------+
         Total |   3825 |   3714 |    111 |   1297 |   1730 |   4 |  956.2 |
       Dungeon |   3825 |   3714 |    111 |   1297 |   1730 |   4 |  956.2 |
               +--------+--------+--------+--------+--------+-----+--------+

Top non-repeatable levels by time:
     D:1: 1677 daAuts
     D:2: 1178 daAuts
     D:3: 945 daAuts
     D:4: 23 daAuts
